 Dungeon Crawl Stone Soup version 0.14.2 (webtiles) character file.

9925 Amnesiac the Fetichist (level 11, -14/58 HPs)
             Began as a Spriggan Artificer on Feb 10, 2018.
             Was the Champion of Nemelex Xobeh.
             Shot with an arrow by a centaur warrior (23 damage)
             ... on Level 4 of the Orcish Mines.
             The game lasted 00:41:28 (15399 turns).

Amnesiac the Fetichist (Spriggan Artificer)        Turns: 15399, Time: 00:41:29

HP -14/58        AC 10     Str  8      XL: 11   Next: 20%
MP  34/34        EV 31     Int 14      God: Nemelex Xobeh [******]
Gold 676         SH  0     Dex 21      Spells:  0 memorised, 10 levels left

rFire  . . .     SeeInvis +     H - +3 short sword (drain)
rCold  . . .     Clarity  +     D - +2 robe {MR+}
rNeg   . . .     Conserve .     (shield restricted)
rPois  .         rCorr    .     (helmet restricted)
rElec  .         rRot     .     (no cloak)
SustAb . .       Spirit   .     (gloves unavailable)
rMut   .         Warding  .     (boots unavailable)
Saprov . . .     Stasis   .     b - amulet of clarity
MR     ++...                    (no ring)
                                q - ring of the Moon {AC+6 Dex+4 Dam+2 SInv}

@: very quick, very resistant to hostile enchantments, quite stealthy
A: unfitting armour, see invisible, berserk 1, herbivore 3, speed 3, high mp 1,
slow metabolism 2, weak 1
a: Draw One, Peek at Two, Triple Draw, Deal Four, Stack Five, Renounce Religion


You were on level 4 of the Orcish Mines.
You worshipped Nemelex Xobeh.
Nemelex Xobeh was exalted by your worship.
You were not hungry.

You visited 3 branches of the dungeon, and saw 15 of its levels.

You collected 1406 gold pieces.
You spent 730 gold pieces at shops.

Inventory:

Hand weapons
 a - a +0,+5 quarterstaff of protection
 H - a +3,+3 short sword of draining (weapon)
Missiles
 e - 20 poisoned needles
 w - 4 throwing nets (quivered)
 A - 2 needles of frenzy
Armour
 D - a +2 robe of magic resistance (worn)
Magical devices
 c - a wand of enslavement (2)
 k - a wand of digging (10) {digging, unknown}
 p - a wand of cold (1)
 C - a wand of paralysis (1)
 K - a wand of flame (7)
Comestibles
 s - a rambutan
 t - 5 bread rations
 v - 6 pears
Scrolls
 h - 4 scrolls of teleportation {!r}
 i - a scroll of fog {!r}
 m - 7 scrolls of identify {!r}
 n - a scroll of recharging {!r}
 r - a scroll of brand weapon {!r}
 u - 3 scrolls of remove curse {!r}
 x - a scroll of vulnerability {!r}
 y - 2 scrolls of magic mapping {!r}
Jewellery
 b - an amulet of clarity (around neck)
 q - the ring of the Moon (left hand) {AC+6 Dex+4 Dam+2 SInv}
   (You took it off a kobold on level 4 of the Dungeon)

   [ring of protection]

   It affects your AC (+6).
   It affects your dexterity (+4).
   It affects your damage with ranged weapons and melee attacks (+2).
   It enhances your eyesight.
 B - an uncursed ring of ice
Potions
 g - 6 potions of curing {!q}
 I - 3 potions of haste {!q}
Miscellaneous
 d - a legendary deck of escape
 f - an ornate deck of summonings
 j - a legendary deck of destruction {drawn: 4}
 l - a plain deck of destruction
 o - a legendary deck of destruction
 z - an ornate deck of summonings {drawn: 1}
 E - an ornate deck of destruction
 F - a plain deck of summonings
 J - a legendary deck of summonings {drawn: 3}


   Skills:
 + Level 7.2 Fighting
 - Level 2.0 Short Blades
   Level 4.0 Slings
 + Level 12.2 Dodging
 - Level 4.0 Stealth
 * Level 16.2 Evocations


You had 10 spell levels left.
You didn't know any spells.

Dungeon Overview and Level Annotations

Branches:
Dungeon (10/15)            Temple (1/1) D:6             Orc (4/4) D:10
    Elf (0/3) Orc:3          Lair (0/8) D:8

Altars:
Ashenzari
Cheibriados
Dithmenos
Elyvilon
Fedhas
Kikubaaqudgha
Makhleb
Nemelex Xobeh
Okawaru
Sif Muna
Trog
Vehumet
Xom
Yredelemnul
Zin
The Shining One
Beogh
Lugonu

Shops:
D:9 ?   Orc:2 ?   Orc:4 [(


Innate Abilities, Weirdness & Mutations

You are tiny and cannot use many weapons and most armour.
You have supernaturally acute eyesight.
You are a herbivore.
You cover ground extremely quickly.
You need consume almost no food.
You tend to lose your temper in combat.
You have an increased reservoir of magic (+10% MP).
You are weak. (Str -2)


Message History

You slash the orc warrior!
The orc warrior is almost dead.
The orc warrior hits you with an uncursed broad axe!
You puncture the orc warrior!
You kill the orc warrior!
No target in view!
No target in view!
No target in view!
Things that are here:
an uncursed broad axe; an uncursed crossbow; 22 bolts; an orc corpse You offer a prayer to Nemelex Xobeh.
The uncursed broad axe disappears without a glow.
The uncursed crossbow glows slightly and disappears.
The 22 bolts disappear without a glow.
The orc corpse glows slightly and disappears.
Nemelex Xobeh is exalted by your worship.
You start resting.
The orc knight shouts!
The orc knight shoots a bolt.
The bolt hits you!
* * * LOW HITPOINT WARNING * * *
Evoke which item? (* to show all) (? for menu, Esc to quit)
Zapping:
C - a wand of paralysis (2)
Press: ? - help, Shift-Dir - straight line, f - orc knight
Aim: an orc knight, wielding a crossbow The orc knight suddenly stops moving!
This wand has 1 charge left.
The helpless orc knight fails to defend itself.
You impale the orc knight!! You drain the orc knight!
The orc knight is heavily wounded.
The helpless orc knight fails to defend itself.
You puncture the orc knight! You drain the orc knight!
The orc knight is severely wounded.
The helpless orc knight fails to defend itself.
You impale the orc knight!!
You kill the orc knight!
Things that are here:
a crossbow; an uncursed glaive; 24 bolts You offer a prayer to Nemelex Xobeh.
The crossbow disappears without a glow.
The uncursed glaive glows slightly and disappears.
Nemelex Xobeh grants you a gift! Something appears at your feet!
The 24 bolts disappear without a glow.
Nemelex Xobeh is exalted by your worship.
An orc comes into view. It is wielding a falchion.
You see here a plain deck of cards {god gift}.
An orc is nearby!
F - a plain deck of cards {god gift} The orc shouts!
You start resting.
An orc comes into view. It is wielding a trident.
A centaur warrior comes into view. It is wielding a trident.
The orc hits you but does no damage.
You hit the orc.
You kill the orc!
The centaur warrior unwields an uncursed trident.
The centaur warrior wields a longbow.
The centaur warrior shoots an arrow.
The arrow misses you.
The centaur warrior shoots an arrow.
The arrow hits you!
* * * LOW HITPOINT WARNING * * *
You see here an arrow.
You are too injured to fight recklessly!
The centaur warrior shoots an arrow.
The arrow hits you!
You die...
Your body glows with a rainbow of weird colours and disappears.

..#.##.......##
.#............#
#............##
##.#..#..#....####
#..............#.##
##.#....#.........##
####.####....##(..#
##.####....#.()#
#....#......@.#.# ##
#................##.## .
#........#...##o#.c..##..
##...#..###.####.....#....
##.......o###..##........# #
#.......................# ..
##.....#...........#...## ..
##...............##..#.#.#.#
##.#.......................


You could see a centaur warrior and an orc (wandering).

Vanquished Creatures
  Erolcha (D:8)
  An orc sorcerer (Orc:3)
  An orc knight (Orc:4)
  Joseph (Orc:2)
  Grinder (D:6)
  2 trolls (Orc:3)
  The ghost of Amnesiac the Charlatan, an average SpAr (D:4)
  A wyvern (D:8)
  A deep elf mage (D:10)
  3 yaks (D:9)
  17 orc warriors
  3 wargs (Orc:3)
  A black bear (D:6)
  A sky beast (D:10)
  3 centaurs
  5 ogres
  A big kobold (D:9)
  5 giant frogs
  Blork the orc (D:5)
  A scorpion (D:5)
  3 eyes of draining
  4 killer bees
  2 wights (D:10)
  2 crimson imps
  A quasit (D:9)
  A hound (D:7)
  13 orc wizards
  3 jellies
  13 orc priests
  A centaur skeleton (D:9)
  A goliath beetle (D:9)
  6 worker ants
  An ice beast (D:9)
  A giant frog skeleton (D:8)
  An iguana (D:6)
  A sky beast zombie (D:5)
  A big kobold skeleton (D:8)
  A hound zombie (D:6)
  7 adders
  A big fish zombie (D:5)
  4 gnolls
  A giant mite (D:8)
  2 worms
  An adder skeleton (D:4)
  A giant eyeball (D:4)
  7 giant geckos
  2 oozes
  125 orcs
  5 bat zombies (D:5)
  3 giant cockroaches
  15 goblins
  21 hobgoblins
  16 kobolds
  A ball python (D:2)
  15 bats
  6 giant newts
  A giant spore (D:10)
  A hobgoblin zombie (D:8)
  9 jackals
  4 quokkas
  17 rats
  A rat skeleton (D:6)
  A rat zombie (D:5)
  2 ballistomycetes (D:10)
376 creatures vanquished.

Vanquished Creatures (collateral kills)
  Harold (Orc:2)
  The ghost of Amnesiac the Cleaver, an experienced SpAr of Nemelex Xobeh (Orc:1)
  A two-headed ogre (D:10)
  A griffon skeleton (D:10)
  2 wargs (Orc:1)
  5 orc warriors (Orc:4)
  An ogre (D:8)
  A centaur (Orc:4)
  Duvessa (D:6)
  4 killer bees (D:10)
  A wight (D:10)
  Dowan (D:6)
  A jelly (D:8)
  2 orc priests
  2 hounds (D:8)
  2 orc wizards
  A worker ant (D:8)
  An orc zombie (D:8)
  A giant eyeball (D:8)
  A giant gecko (D:8)
  21 orcs
  A hobgoblin (D:8)
  A giant spore (D:10)
  2 kobolds
  2 rats (D:8)
58 creatures vanquished.

Vanquished Creatures (others)
  A dancing weapon (D:8)
  A wolf (Orc:2)
  3 black bears (D:8)
  An orc skeleton (D:6)
  A shadow imp (D:8)
  A butterfly (D:8)
8 creatures vanquished.

Grand Total: 442 creatures vanquished

Notes
Turn   | Place    | Note
--------------------------------------------------------------
     0 | D:1      | Amnesiac, the Spriggan Artificer, began the quest for the Orb.
     0 | D:1      | Reached XP level 1. HP: 9/9 MP: 2/2
    18 | D:1      | Reached skill level 1 in Fighting
   139 | D:2      | Reached XP level 2. HP: 14/14 MP: 5/5
   583 | D:3      | Reached XP level 3. HP: 14/18 MP: 8/8
   669 | D:4      | Noticed Amnesiac's ghost (average SpAr)
   759 | D:3      | Reached XP level 4. HP: 20/22 MP: 11/11
  1132 | D:4      | Paralysed by a giant eyeball for 2 turns
  1155 | D:4      | Killed Amnesiac's ghost
  1155 | D:4      | Reached skill level 6 in Evocations
  1155 | D:4      | Reached XP level 5. HP: 21/26 MP: 13/15
  1196 | D:4      | Reached XP level 6. HP: 13/30 MP: 18/18
  1297 | D:4      | Got a fine bronze ring
  1412 | D:4      | Identified the ring of the Moon {AC+6 Dex+4 Dam+2 SInv} (You took it off a kobold on level 4 of the Dungeon)
  1536 | D:4      | Found a shimmering altar of Xom.
  1624 | D:4      | Found a bloodstained altar of Trog.
  1649 | D:4      | Found a glowing golden altar of the Shining One.
  1827 | D:4      | Reached skill level 5 in Dodging
  1971 | D:4      | Reached skill level 7 in Evocations
  2124 | D:5      | Entered Level 5 of the Dungeon
  2353 | D:5      | Noticed Blork the orc
  2533 | D:5      | Killed Blork the orc
  2533 | D:5      | Reached XP level 7. HP: 24/35 MP: 21/21
  2609 | D:5      | Reached skill level 8 in Evocations
  3086 | D:5      | Found an ancient bone altar of Kikubaaqudgha.
  4160 | D:1      | Reached skill level 1 in Slings
  4911 | D:3      | Found a shadowy altar of Dithmenos.
  5175 | D:6      | Found a staircase to the Ecumenical Temple.
  5209 | Temple   | Entered the Ecumenical Temple
  5243 | Temple   | Became a worshipper of Nemelex Xobeh the Trickster
  5377 | D:1      | Received a gift from Nemelex Xobeh
  5868 | D:3      | Acquired Nemelex Xobeh's first power
  6341 | D:5      | Acquired Nemelex Xobeh's second power
  6535 | D:5      | Gained mutation: You have an increased reservoir of magic (+10% MP). [potion of mutation]
  6535 | D:5      | Gained mutation: You are weak. (Str -2) [potion of mutation]
  6535 | D:5      | Gained mutation: You tend to lose your temper in combat. [potion of mutation]
  6572 | D:5      | Received a gift from Nemelex Xobeh
  6767 | D:6      | Noticed Duvessa
  6774 | D:6      | Noticed Dowan
  6784 | D:6      | Killed Duvessa
  6797 | D:6      | Killed Dowan
  6912 | D:6      | Reached XP level 8. HP: 33/40 MP: 25/25
  6920 | D:6      | Noticed Grinder
  6951 | D:6      | Paralysed by Grinder for 6 turns
  6960 | D:6      | Paralysed by Grinder for 3 turns
  6964 | D:6      | Killed Grinder
  6964 | D:6      | Reached skill level 9 in Evocations
  7082 | D:6      | Reached skill level 10 in Evocations
  7738 | D:7      | Found a white marble altar of Elyvilon.
  8002 | D:7      | Reached skill level 11 in Evocations
  8154 | D:7      | Reached XP level 9. HP: 46/46 MP: 28/28
  8183 | D:7      | Acquired Nemelex Xobeh's third power
  8288 | D:7      | Found a radiant altar of Vehumet.
  8288 | D:7      | Found a glowing silver altar of Zin.
  8678 | D:8      | Noticed Erolcha
  8685 | D:8      | Received a gift from Nemelex Xobeh
  8686 | D:8      | Killed Erolcha
  8686 | D:8      | Reached skill level 5 in Fighting
  8686 | D:8      | Reached skill level 12 in Evocations
  8833 | D:8      | Acquired Nemelex Xobeh's fourth power
  8930 | D:8      | Received a gift from Nemelex Xobeh
  9422 | D:8      | Found a staircase to the Lair.
  9582 | D:9      | Found Threat's Magic Scroll Boutique.
  9679 | D:9      | Reached skill level 13 in Evocations
  9715 | D:9      | Acquired Nemelex Xobeh's fifth power
  9869 | D:9      | Found an iron altar of Okawaru.
  9997 | D:9      | Found a blossoming altar of Fedhas.
 10102 | D:9      | Reached skill level 10 in Dodging
 10354 | D:9      | Reached XP level 10. HP: 40/53 MP: 0/31
 10521 | D:9      | Received a gift from Nemelex Xobeh
 10553 | D:9      | Bought a scroll of enchant weapon II for 77 gold pieces
 10553 | D:9      | Bought a scroll of identify for 28 gold pieces
 10553 | D:9      | Bought a scroll of identify for 28 gold pieces
 10674 | D:10     | Entered Level 10 of the Dungeon
 10689 | D:10     | Found a staircase to the Orcish Mines.
 10817 | D:10     | Reached skill level 14 in Evocations
 11331 | Orc:1    | Entered Level 1 of the Orcish Mines
 11334 | Orc:1    | Noticed Amnesiac's ghost (experienced SpAr)
 11346 | Orc:1    | Received a gift from Nemelex Xobeh
 11354 | Orc:1    | Killed Amnesiac's ghost
 11436 | Orc:1    | You fall through a shaft!
 11449 | Orc:1    | HP: 2/53 [orc priest/divine providence (13)]
 11719 | Orc:1    | Received a gift from Nemelex Xobeh
 11889 | Orc:2    | Found Socin's Magic Scroll Boutique.
 11889 | Orc:2    | Noticed Joseph
 12106 | D:9      | Bought a scroll of brand weapon for 280 gold pieces
 12405 | Orc:2    | Killed Joseph
 12405 | Orc:2    | Reached skill level 15 in Evocations
 12460 | Orc:2    | Bought a scroll of recharging for 123 gold pieces
 12460 | Orc:2    | Bought a scroll of vulnerability for 97 gold pieces
 12460 | Orc:2    | Bought a scroll of identify for 26 gold pieces
 12460 | Orc:2    | Bought a scroll of identify for 26 gold pieces
 12460 | Orc:2    | Bought a scroll of magic mapping for 45 gold pieces
 12620 | Orc:2    | Received a gift from Nemelex Xobeh
 12630 | Orc:2    | Found a roughly hewn altar of Beogh.
 12844 | Orc:2    | Noticed Harold
 12886 | Orc:2    | Killed Harold
 13140 | Orc:3    | Found a staircase to the Elven Halls.
 13471 | Orc:3    | Noticed an orc sorcerer
 13483 | Orc:3    | Killed an orc sorcerer
 13491 | Orc:3    | Received a gift from Nemelex Xobeh
 13757 | Orc:3    | Reached XP level 11. HP: 37/58 MP: 34/34
 14143 | Orc:4    | Entered Level 4 of the Orcish Mines
 14186 | Orc:4    | Received a gift from Nemelex Xobeh
 14491 | Orc:4    | Reached skill level 16 in Evocations
 14848 | Orc:4    | Received a gift from Nemelex Xobeh
 14915 | Orc:4    | Found Gaiqirr's Weapon Emporium.
 14915 | Orc:4    | Found Nakiorgh's Armour Boutique.
 15388 | Orc:4    | Received a gift from Nemelex Xobeh
 15396 | Orc:4    | Noticed a centaur warrior
 15399 | Orc:4    | Shot with an arrow by a centaur warrior

Action                   |  1- 3 |  4- 6 |  7- 9 | 10-12 || total
-------------------------+-------+-------+-------+-------++-------
Melee: Short sword       |    85 |   145 |       |   487 ||   717
       Cutlass           |       |    10 |   226 |       ||   236
 Fire: Sling             |       |       |   406 |    12 ||   418
Throw: Tomahawk          |       |       |     7 |       ||     7
       Throwing net      |       |       |     6 |     1 ||     7
Invok: Draw One          |       |       |       |     6 ||     6
Evoke: Wand              |     4 |    28 |     1 |    35 ||    68
       Deck              |       |       |    28 |     1 ||    29
  Use: Potion            |       |     2 |     6 |     4 ||    12
       Scroll            |       |     1 |    15 |     5 ||    21
 Stab: Sleeping          |     4 |     3 |     9 |     8 ||    24
       Distracted        |     1 |       |     1 |       ||     2
       Confused          |     2 |       |       |       ||     2
       Held in net/web   |       |       |     2 |       ||     2
       Paralysed         |       |       |       |    14 ||    14
       Invisible         |       |       |       |     6 ||     6
